 Dungeon Crawl Stone Soup version 0.31-a0-167-g1c394c0614 (webtiles) character file.

Game seed: 162374738599065452

357 qw the Chopper (level 6, -1/38 HPs)
             Began as a Gargoyle Fighter on June 14, 2023.
             Slain by a gnoll
             ... wielding a +0 halberd
             ... led by a gnoll bouda
              (12 damage)
             ... on level 4 of the Dungeon.
             The game lasted 00:01:44 (2851 turns).

qw the Chopper (Gargoyle Fighter)                   Turns: 2851, Time: 00:01:44

Health: -1/38      AC: 14    Str: 27    XL:     6   Next: 64%
Magic:  6/6        EV: 13    Int:  9    God:
Gold:   171        SH:  4    Dex:  9    Spells: 5/5 levels left

rFire   . . .        f - +0 broad axe
rCold   . . .        c - +0 buckler
rNeg    + . .        o - +0 chain mail
rPois   inf          a - +0 helmet
rElec   +            (no cloak)
rCorr   .            (no gloves)
SInv    .            (no boots)
Will    .....        (no amulet) Stlth
                     i - +6 ring of strength
HPRegen 0.26/turn    m - +5 ring of evasion
MPRegen 0.10/turn

%: no passive effects
@: no status effects
A: sickness immunity, AC +4, negative energy resistance 1, electricity
resistance, torment resistance 1, petrification resistance
a: no special abilities


You were on level 4 of the Dungeon.
You visited 1 branch of the dungeon, and saw 5 of its levels.

You collected 171 gold pieces.


Innate Abilities, Weirdness & Mutations

You are immune to sickness and miasma.
Your stone body is resilient. (AC +4)
You are immune to poison.
You resist negative energy. (rN+)
You are resistant to electric shocks. (rElec)
You are resistant to unholy torment.
You are immune to petrification.


   Skills:
 - Level 4.1 Fighting
 + Level 5.6 Axes
 - Level 3.2 Armour
 - Level 1.1 Dodging
 - Level 3.2 Shields


You had 5 spell levels left.
You didn't know any spells.
Your spell library was empty.

Inventory:

Hand Weapons
 f - a +0 broad axe (weapon)
 p - a +0 flail
Missiles
 n - 6 boomerangs (quivered)
Armour
 a - a +0 helmet (worn)
 c - a +0 buckler (worn)
 o - a +0 chain mail (worn)
Jewellery
 i - a +6 ring of strength (left hand)
 m - a +5 ring of evasion (right hand)
Scrolls
 j - 5 scrolls of identify
Potions
 d - a potion of might
 e - a potion of haste
 h - a potion of attraction
 k - a potion of mutation
 l - 2 potions of curing

Dungeon Overview and Level Annotations

Branches:
Dungeon (5/15)
 Temple: D:4-7

Altars:

Shops:
D:2 :

Annotations:
D:3 Natasha


Message History

The gnoll bouda is lightly wounded.
You barely miss the gnoll.
The gnoll bouda barks out a call to the hunt!
The gnolls pick up the pace!
You slash the gnoll bouda!
The gnoll bouda is severely wounded.
You slash the gnoll! You hit the gnoll. You barely miss the gnoll.
The gnoll barely misses you. The gnoll hits you but does no damage.
The gnoll hits you with a +0 club. The gnoll barely misses you.
The gnoll bouda barely misses you. The gnoll barely misses you.
The gnoll closely misses you. The gnoll barely misses you.
You closely miss the gnoll bouda.
The gnoll bouda is severely wounded.
You barely miss the gnoll. x3
You block the gnoll's attack. The gnoll completely misses you.
The gnoll hits you but does no damage. You block the gnoll's attack.
You slice the gnoll bouda!!
You kill the gnoll bouda!
You barely miss the gnoll. You closely miss the gnoll. You slash the gnoll!
You block the gnoll's attack.
The gnoll hits you with a +2 whip of electrocution.
The gnoll hits you with a +0 club. The gnoll barely misses you.
You slash the gnoll!
You kill the gnoll!
You barely miss the gnoll. You hit the gnoll but do no damage.
The gnoll misses you.
The gnoll hits you from afar with a +0 halberd!
The gnoll hits you with a +0 spear. The gnoll barely misses you.
The gnoll hits you but does no damage.
You slice the gnoll!!
You kill the gnoll!
You barely miss the gnoll.
The gnoll hits you with a +2 whip of electrocution.
The gnoll hits you from afar with a +0 halberd.
You slice the gnoll!!
You kill the gnoll!
The gnoll misses you. The gnoll closely misses you.
Found a masterwork mace.
The gnoll hits you with a +0 halberd!
You die...

.....#.... #...........#
###...........#
#........##...#
.............###### .
#................. ..
###................) ..
#..........))....... ...
#....#......@g......
...##....#.....)).......
........###.............
......### ###....#.#....
.#....## #....#### ##.
.......#####...##
.......#.#.......
................# .
#...####....#...### ..


You could see a gnoll (swift).

Vanquished Creatures
  A gnoll bouda (D:4)
  A hound (D:5)
  A jelly (D:3)
  Ijyb (D:3)
  An orc wizard (D:3)
  Natasha (D:3)
  Robin (D:3)
  3 gnolls (D:4)
  3 adders
  An ufetubus (D:5)
  A worm (D:2)
  5 dart slugs
  7 orcs
  5 ball pythons
  8 endoplasms
  4 giant cockroaches
  11 hobgoblins
  2 jackals (D:1)
  6 kobolds
  2 quokkas
  8 bats
  4 frilled lizards (D:1)
  17 goblins
  10 rats
104 creatures vanquished.

Notes
Turn   | Place    | Note
-------+----------+-------------------------------------------
     0 | D:1      | qw the Gargoyle Fighter began the quest for the Orb.
     0 | D:1      | Reached XP level 1. HP: 14/14 MP: 1/1
     0 | D:1      | 0 ||| qw: Version: 0.2-a-29-g1fa15c8
     0 | D:1      | 0 ||| qw: Game counter: 5077
     0 | D:1      | 0 ||| qw: Always use a shield: true
     0 | D:1      | 0 ||| qw: God list: Okawaru
     0 | D:1      | 0 ||| qw: Allow faded altars: false
     0 | D:1      | 0 ||| qw: Do Orc after D:15 true
     0 | D:1      | 0 ||| qw: Do second Lair branch before Depths: true
     0 | D:1      | 0 ||| qw: Lair rune preference: random
     0 | D:1      | 0 ||| qw: Plans: Normal, Zot:1-4, Slime:5, God:TSO, Crypt,
                  | Tomb, Abyss, Pan, Hells, Win
     0 | D:1      | 0 ||| PLANNING D:1-11
    65 | D:1      | Reached skill level 2 in Axes
   120 | D:1      | 120 ||| READING scroll labelled BOEWUBLU OKKE.
   124 | D:1      | 124 ||| Stepping ~*~*~tactically~*~*~ (water).
   158 | D:1      | Reached XP level 2. HP: 16/19 MP: 2/2
   464 | D:1      | 464 ||| Stepping ~*~*~tactically~*~*~ (stealth).
   494 | D:1      | Reached skill level 3 in Axes
   515 | D:1      | Reached XP level 3. HP: 21/23 MP: 3/3
   534 | D:1      | Found a faded altar of an unknown god.
   689 | D:1      | HP: 4/23 [frozen (5)]
   855 | D:1      | 855 ||| Stepping ~*~*~tactically~*~*~ (stealth).
   869 | D:1      | 869 ||| Stepping ~*~*~tactically~*~*~ (hiding).
  1042 | D:1      | 1042 ||| UPGRADING to +6 ring of strength.
  1043 | D:1      | 1043 ||| READING scroll labelled ONGYME BUHOA.
  1044 | D:1      | 1044 ||| READING 2 scrolls labelled JOHODD ZEZONO.
  1045 | D:1      | 1045 ||| READING 3 scrolls labelled JYADE NEDWOJYLI.
  1046 | D:1      | 1046 ||| DRINKING 2 silvery potions.
  1047 | D:1      | 1047 ||| READING 2 scrolls of identify.
  1047 | D:1      | 1047 ||| IDENTIFYING smoky dark potion
  1048 | D:1      | 1048 ||| DROPPING potion of enlightenment.
  1049 | D:1      | 1049 ||| DROPPING scroll of amnesia.
  1165 | D:2      | 1165 ||| Stepping ~*~*~tactically~*~*~ (stealth).
  1187 | D:2      | Reached XP level 4. HP: 28/28 MP: 4/4
  1367 | D:2      | Found Piunkih's Book Emporium.
  1385 | D:2      | Reached skill level 4 in Axes
  1717 | D:2      | 1717 ||| UPGRADING to +5 ring of evasion.
  1718 | D:2      | 1718 ||| READING scroll labelled OTOCAE APHA.
  1721 | D:2      | 1721 ||| READING scroll labelled UNWUTY VAMEJUPH.
  1722 | D:2      | 1722 ||| READING scroll labelled HUOGHA ZIFRA.
  1723 | D:2      | 1723 ||| DRINKING 2 metallic red potions.
  1730 | D:2      | 1730 ||| DRINKING 2 ruby potions.
  1731 | D:2      | 1731 ||| DROPPING potion of ambrosia.
  1808 | D:3      | Noticed Robin
  1820 | D:3      | Killed Robin
  1860 | D:3      | You fall into a shaft and drop 2 floors!
  1860 | D:5      | Entered Level 5 of the Dungeon
  1949 | D:5      | 1949 ||| UPGRADING to +0 broad axe.
  1950 | D:5      | 1950 ||| DROPPING +0 war axe.
  1990 | D:5      | 1990 ||| Stepping ~*~*~tactically~*~*~ (stealth).
  1995 | D:5      | 1995 ||| Stepping ~*~*~tactically~*~*~ (stealth).
  2003 | D:5      | Reached XP level 5. HP: 32/32 MP: 5/5
  2059 | D:5      | 2059 ||| UPGRADING to +0 helmet.
  2064 | D:5      | 2064 ||| READING 2 scrolls of identify.
  2064 | D:5      | 2064 ||| IDENTIFYING grey potion
  2183 | D:4      | Reached skill level 5 in Axes
  2189 | D:4      | 2189 ||| READING 4 scrolls of identify.
  2189 | D:4      | 2189 ||| IDENTIFYING sedimented amethyst potion
  2321 | D:3      | Reached skill level 1 in Dodging
  2335 | D:3      | Noticed Ijyb
  2339 | D:3      | Killed Ijyb
  2340 | D:3      | Reached XP level 6. HP: 36/38 MP: 6/6
  2445 | D:3      | 2445 ||| Stepping ~*~*~tactically~*~*~ (hiding).
  2477 | D:3      | 2477 ||| DROPPING +0 whip.
  2666 | D:3      | Noticed Natasha
  2668 | D:3      | Killed Natasha
  2768 | D:3      | 2768 ||| UPGRADING to +0 chain mail.
  2778 | D:3      | 2778 ||| DROPPING +0 scale mail.
  2779 | D:3      | 2779 ||| READING 6 scrolls of identify.
  2779 | D:3      | 2779 ||| IDENTIFYING smoky sapphire potion
  2780 | D:3      | 2780 ||| DROPPING potion of degeneration.
  2783 | D:3      | Noticed Natasha
  2802 | D:4      | 2802 ||| Stepping ~*~*~tactically~*~*~ (hiding).
  2851 | D:4      | Slain by a gnoll

Levels and vault maps discovered:
D:1:      minmay_arrival_loop, layout_loops_cross,
          shapermc_ecumenical_altar_venn, kennysheep_small_spiral
D:2:      layout_loops_ring, serial_shops, nicolae_shop_just_a_little_nook
D:3:      layout_loops_ring, uniq_robin, uniq_ijyb, uniq_natasha
D:4:      cheibrodos_old_hovel, layout_cave_pools, kennysheep_little_box,
          uniq_crazy_yiuf_cottage
D:5:      layout_layer_cave, nrook_mini_vaults, minivault_27,
          minmay_misc_feat_rows

Skill      XL: |  1  2  3  4  5  6 |
---------------+-------------------+-----
Axes           | 2 3 4 5 |  5.6
Dodging        | 1 |  1.1
Fighting       | 4 |  4.1
Armour         | |  3.2
Shields        | |  3.2

Action                     |  1- 3 |  4- 6 || total
---------------------------+-------+-------++-------
  Melee: War axe           |   131 |    47 ||   178
         Broad axe         |       |    78 ||    78
  Throw: Boomerang         |       |    16 ||    16
    Use: Scroll            |     5 |     6 ||    11
         Potion            |     1 |     2 ||     3
 Armour: Scale mail        |    57 |    36 ||    93
         Chain mail        |       |     3 ||     3
  Dodge: Dodged            |    49 |    85 ||   134
  Block: Buckler           |    33 |    22 ||    55

Table legend:
 A = Non-vault XP
 B = Vault XP
 C = Vault XP percentage of total XP
 D = Non-vault monster count
 E = Vault monster count
 F = Vault count percentage of total count
                 A         B        C        D         E       F
            +---------+---------+-------+---------+---------+-------
      Total |     400 |     111 |  21.7 |      89 |      15 |  14.4
            +---------+---------+-------+---------+---------+-------
        D:1 |      61 |       0 |   0.0 |      35 |       0 |   0.0
        D:2 |      51 |       0 |   0.0 |      22 |       0 |   0.0
        D:3 |     114 |     111 |  49.3 |      15 |      15 |  50.0
        D:4 |     114 |       0 |   0.0 |      11 |       0 |   0.0
        D:5 |      60 |       0 |   0.0 |       6 |       0 |   0.0
            +---------+---------+-------+---------+---------+-------
